 Dungeon Crawl Stone Soup version 0.30-a0-341-g682706514a (webtiles) character file.

Game seed: 13938994699299013436

787 porpoise the Slasher (level 7, -5/57 HPs)
             Began as a Demonspawn Monk on Nov 5, 2022.
             Slain by an orc warrior
             ... wielding a +0 halberd
              (19 damage)
             ... on level 5 of the Dungeon.
             The game lasted 00:16:34 (4344 turns).

porpoise the Slasher (Demonspawn Monk)              Turns: 4344, Time: 00:16:34

Health: -5/57      AC:  8    Str: 12    XL:     7   Next: 56%
Magic:  7/7        EV: 11    Int: 11    God:
Gold:   344        SH:  0    Dex: 17    Spells: 6/6 levels left

rFire   + . .      SeeInvis +    a - +0 falchion
rCold   . . .      Faith    .    (no shield)
rNeg    . . .      Spirit   .    B - +0 ring mail {rPois}
rPois   +          Reflect  .    (no helmet)
rElec   .          Harm     .    (no cloak)
rCorr   .          Rampage  .    (no gloves)
Will    .....                    (no boots)
Stlth   +.........               (no amulet)
HPRegen 0.29/turn                n - ring of protection from fire
MPRegen 0.10/turn                p - ring of see invisible

@: attractive
A: hooves 2, icy blue scales 2, spiny 1
a: no special abilities


You were on level 5 of the Dungeon.
You visited 2 branches of the dungeon, and saw 6 of its levels.

You collected 344 gold pieces.

Inventory:

Hand Weapons
 a - a +0 falchion (weapon)
 b - a +0 sling
Missiles
 y - 2 javelins
 F - 2 boomerangs (quivered)
 G - 4 atropa-tipped darts
Armour
 c - a +2 scale mail of positive energy
 e - a +0 ring mail
 k - a +1 leather armour of fire resistance
 z - +0 steam dragon scales
 B - a +0 ring mail of poison resistance (worn)
 J - a +0 kite shield of poison resistance
Magical Staves
 x - a staff of air
 E - a staff of death
Jewellery
 j - a ring of wizardry
 n - a ring of protection from fire (left hand)
 p - a ring of see invisible (right hand)
Wands
 f - a wand of polymorph (5)
 l - a wand of acid (8)
Scrolls
 d - a scroll of teleportation {unknown}
 g - a scroll of vulnerability {unknown}
 h - 2 scrolls of amnesia {unknown}
 i - 2 scrolls of noise {unknown}
 m - 2 scrolls of enchant weapon {unknown}
 o - a scroll of enchant armour {unknown}
 r - a scroll of magic mapping {unknown}
 v - a scroll of blinking {unknown}
 w - a scroll of poison {unknown}
 D - a scroll of fear {unknown}
Potions
 q - a potion of might {unknown}
 s - a potion of heal wounds {unknown}
 t - a potion of lignification {unknown}
 u - a potion of brilliance
 A - a potion of resistance {unknown}
 H - a potion of attraction
 I - a potion of flight {unknown}


   Skills:
 + Level 5.7 Fighting
 * Level 6.9 Long Blades
 - Level 2.6 Dodging
 - Level 1.7 Stealth


You had 6 spell levels left.
You didn't know any spells.
Your spell library contained the following spells:

 Spells                   Type           Power      Damage    Failure   Level
 Beastly Appendage        Tmut           0%         N/A       63%         1
 Cigotuvi's Dreadful Rot  Necr/Pois/Air  0%         N/A       77%         2
 Poisonous Vapours        Pois/Air       0%         N/A       77%         2
 Static Discharge         Conj/Air       0%         2-2/arc   77%         2
 Wereblood                Tmut           0%         N/A       77%         2
 Ignite Poison            Fire/Tmut/Pois 0%         N/A       94%         3
 Kindle Blastsparks       Fire/Tloc/Air  0%         2d10      94%         3
 Mephitic Cloud           Conj/Pois/Air  0%         N/A       94%         3
 Spider Form              Tmut/Pois      0%         N/A       94%         3
 Vhi's Electric Charge    Tloc/Air       0%         N/A       94%         3
 Arcjolt                  Conj/Air       0%         1d10      100%        5
 Freezing Cloud           Conj/Ice/Air   0%         6-21      100%        5
 Lightning Bolt           Conj/Air       0%         1d11      100%        5


Dungeon Overview and Level Annotations

Branches:
Dungeon (5/15)             Temple (1/1) D:4

Altars:
Ashenzari
Cheibriados
Dithmenos
Fedhas
Gozag
Hepliaklqana
Kikubaaqudgha
Makhleb
Nemelex Xobeh
Okawaru
Qazlal
Ru
Sif Muna
Uskayaw
Vehumet
Wu Jian
Xom

Annotations:
D:2 dig
Temple 4 transporters


Innate Abilities, Weirdness & Mutations

You have hoof-like feet.
You are mostly covered in icy blue scales. (AC +3)
You are partially covered in sharp spines.


Message History

The ice beast attacks as you move away! The ice beast closely misses you.
The ice beast attacks as you move away! The ice beast hits you.
The ice beast freezes you.
There is an open door here.
Unknown command.
Okay, then.
You slash the ice beast!
The ice beast is severely wounded.
The ice beast closely misses you.
You closely miss the ice beast.
The ice beast is severely wounded.
The orc warrior hits you from afar with a +0 halberd.
The ice beast hits you. The ice beast freezes you.
* * * LOW HITPOINT WARNING * * *
You hit the ice beast.
You kick the ice beast, but do no damage.
The ice beast is severely wounded.
The orc warrior hits you from afar with a +0 halberd!
* * * LOW HITPOINT WARNING * * *
The ice beast is struck by your spines.
You kill the ice beast!
The orc warrior closely misses you.
You are confused.
You feel invigorated.
The orc warrior is struck by your spines.
The orc warrior hits you with a +0 halberd.
* * * LOW HITPOINT WARNING * * *
The orc warrior completely misses you.
Unknown command.
The orc warrior closely misses you.
The orc warrior hits you with a +0 halberd!
* * * LOW HITPOINT WARNING * * *
You feel less invigorated.
You feel less confused. The orc warrior barely misses you.
It was a potion of attraction.
You feel attractive to monsters.
The orc warrior is struck by your spines.
The orc warrior hits you with a +0 halberd!!
You die...

#...##......####...#.?#..........
...####......##...##.##..........
...# ##......#...#.. #..........
..## ##........##.# ##.........
..# ##.......#..####..#####.. .##
##.....##....#...### #.. .#
##....#..##$#.....####. ##
##..##o..# #......# #. +
##.'@.#...#.....####. ########
#############..........
.#.....####..........##....##.#..
..............†......##....####..
###....##.......#...........####.
##.#.##...#...#................
##########...#.)..............
#######......#..............##
#..#.......................###


You could see an orc warrior.

Vanquished Creatures
  A steam dragon (D:5)
  A black bear (D:5)
  An ice beast (D:5)
  A necrophage (D:5)
  A scorpion (D:5)
  2 hounds (D:5)
  Ijyb (D:3)
  Terence (D:2)
  An orc wizard (D:3)
  2 iguanas
  A gnoll (D:3)
  5 adders
  A worm (D:3)
  8 orcs
  A bat (D:3)
  5 endoplasms
  13 giant cockroaches
  4 goblins
  9 hobgoblins
  7 jackals
  5 quokkas
  8 ball pythons
  4 frilled lizards
  7 kobolds
  6 rats
96 creatures vanquished.

Notes
Turn   | Place    | Note
-------+----------+-------------------------------------------
     0 | D:1      | porpoise the Demonspawn Monk began the quest for the Orb.
     0 | D:1      | Reached XP level 1. HP: 18/18 MP: 1/1
   160 | D:1      | Reached skill level 3 in Long Blades
   418 | D:1      | Gained mutation: You have large cloven feet. [demonic
                  | ancestry]
   418 | D:1      | Reached XP level 2. HP: 24/24 MP: 2/2
   863 | D:2      | Noticed Terence
   887 | D:2      | Killed Terence
   888 | D:2      | Gained mutation: You have hoof-like feet. [demonic
                  | ancestry]
   888 | D:2      | Reached XP level 3. HP: 16/29 MP: 3/3
  1003 | D:2      | Noticed a scorpion
  1033 | D:2      | Found a faded altar of an unknown god.
  1277 | D:2      | Reached skill level 4 in Long Blades
  1277 | D:2      | Gained mutation: You are partially covered in icy blue
                  | scales. (AC +2) [demonic ancestry]
  1277 | D:2      | Reached XP level 4. HP: 17/37 MP: 4/4
  2028 | D:3      | Noticed Ijyb
  2109 | D:3      | Killed Ijyb
  2286 | D:3      | Gained mutation: You are partially covered in sharp spines.
                  | [demonic ancestry]
  2286 | D:3      | Reached XP level 5. HP: 31/42 MP: 5/5
  2805 | D:3      | Reached skill level 5 in Long Blades
  3053 | D:4      | Found a radiant altar of Vehumet.
  3184 | D:4      | Found a staircase to the Ecumenical Temple.
  3191 | Temple   | Entered the Ecumenical Temple
  3191 | Temple   | Found a transporter.
  3191 | Temple   | Found a transporter.
  3193 | Temple   | Found a transporter.
  3193 | Temple   | Found a transporter.
  3343 | D:4      | Reached XP level 6. HP: 49/49 MP: 6/6
  3654 | D:5      | Entered Level 5 of the Dungeon
  3740 | D:5      | Noticed a steam dragon
  3761 | D:5      | Killed a steam dragon
  4022 | D:5      | Reached skill level 5 in Fighting
  4022 | D:5      | Reached skill level 6 in Long Blades
  4035 | D:5      | Gained mutation: You are mostly covered in icy blue scales.
                  | (AC +3) [demonic ancestry]
  4035 | D:5      | Reached XP level 7. HP: 48/56 MP: 7/7
  4344 | D:5      | Slain by an orc warrior

Illustrated notes

Levels and vault maps discovered:
D:1:      minmay_arrival_four_loops, layout_loops_ring
D:2:      minmay_roachtagon, layout_loops_ring, basic_ecumenical_altar,
          minmay_tree_intersection, lightli_corner_chamber, uniq_terence
D:3:      minmay_chambers_of_threes, layout_basic,
          nicolae_kite_square_tiling_tiny, uniq_ijyb
D:4:      layout_basic, nicolae_vehumet_radiance,
          minmay_temple_entry_nine_rooms, hex_medium, minivault_24
D:5:      minmay_razor_zed, layout_cave_pools, nicolae_elevator_lobby_plus
Temple:   hellmonk_temple_divided_pantheon

Skill      XL: |  1  2  3  4  5  6 |
---------------+-------------------+-----
Long Blades    | 3 4 5 6 |  6.9
Fighting       | 4 5 |  5.7
Dodging        | |  2.6
Stealth        | |  1.7

Action                   |  1- 3 |  4- 6 |  7- 9 || total
-------------------------+-------+-------+-------++-------
Melee: Falchion          |    82 |   161 |    29 ||   272
       Kick              |    10 |    44 |    13 ||    67
       Punch             |     1 |     1 |     1 ||     3
       Unarmed           |       |     4 |       ||     4
 Fire: Sling             |       |     4 |       ||     4
Throw: Dart              |     1 |    15 |    10 ||    26
       Boomerang         |       |       |     1 ||     1
Evoke: Wand              |       |     3 |       ||     3
  Use: Potion            |     1 |     1 |     2 ||     4
 Stab: Sleeping          |     3 |       |       ||     3
       Invisible         |       |     5 |     1 ||     6
Armor: Robe              |     1 |       |       ||     1
       Ring mail         |     3 |     1 |    12 ||    16
       Scale mail        |    20 |    59 |       ||    79
       Skin              |       |     1 |       ||     1
Dodge: Dodged            |    38 |    79 |    31 ||   148

Table legend: (Time is in decaauts)
 A = Elapsed time spent in this place.
 B = Non-inter-level travel time spent in this place.
 C = Inter-level travel time spent in this place.
 D = Time resting spent in this place.
 E = Time spent auto-exploring this place.
 F = Levels seen in this place.
 G = Mean time per level.
                   A        B        C        D        E       F      G
               +--------+--------+--------+--------+--------+-----+--------+
         Total |   4358 |   4245 |    113 |    765 |   2591 |   6 |  726.3 |
       Dungeon |   4290 |   4177 |    113 |    765 |   2585 |   5 |  858.0 |
        Temple |     67 |     67 |      0 |      0 |      6 |   1 |   67.0 |
               +--------+--------+--------+--------+--------+-----+--------+

Top non-repeatable levels by time:
     D:3: 1204 daAuts
     D:2: 916 daAuts
     D:1: 866 daAuts
     D:5: 689 daAuts
     D:4: 613 daAuts
  Temple: 67 daAuts
